 Dungeon Crawl Stone Soup version 0.31-a0-325-g067879e3d3 (webtiles) character file.

Game seed: 4198500927495224081

92 porpoise the Shooter (level 4, 0/28 HPs)
             Began as a Tengu Hunter on July 19, 2023.
             Slain by Crazy Yiuf
             ... wielding a +4 quarterstaff of chaos
              (4 damage)
             ... on level 3 of the Dungeon.
             The game lasted 00:03:52 (1879 turns).

porpoise the Shooter (Tengu Hunter)                 Turns: 1879, Time: 00:03:55

Health: 0/28       AC:  4    Str: 11    XL:     4   Next: 60%
Magic:  5/5        EV: 12    Int:  9    God:
Gold:   195        SH:  0    Dex: 20    Spells: 3/3 levels left

rFire   . . .        a - +0 shortbow
rCold   . . .        (shield currently unavailable)
rNeg    . . .        c - +0 leather armour
rPois   .            (helmet restricted)
rElec   .            h - +0 cloak
rCorr   .            (no gloves)
SInv    .            (boots unavailable)
Will    .....        (no amulet)
Stlth   ++           (no ring)
HPRegen 0.24/turn    (no ring)
MPRegen 0.09/turn

%: no passive effects
@: no status effects
A: beak, talons 3
a: no special abilities


You were on level 3 of the Dungeon.
You visited 1 branch of the dungeon, and saw 3 of its levels.

You collected 195 gold pieces.

Inventory:

Hand Weapons
 a - a +0 shortbow (weapon)
 b - a +2 rapier of draining
 w - a +0 longbow
Missiles
 d - 6 poisoned darts
 r - 3 curare-tipped darts
Armour
 c - a +0 leather armour (worn)
 h - a +0 cloak (worn)
Magical Staves
 s - a staff of earth
Scrolls
 e - 3 scrolls of enchant armour {unknown}
 f - a scroll of revelation {unknown}
 g - a scroll of noise {unknown}
 j - 3 scrolls of identify {unknown}
 l - a scroll of teleportation {unknown}
 m - a scroll of butterflies
 q - a scroll of enchant weapon {unknown}
 t - a scroll of silence {unknown}
Potions
 i - 2 potions of lignification {unknown}
 k - a potion of curing {unknown}
 n - a potion of brilliance {unknown}
 o - a potion of heal wounds {unknown}
 p - a potion of enlightenment {unknown}


   Skills:
 + Level 3.1 Fighting
 * Level 5.8 Ranged Weapons
 - Level 2.1 Dodging
 - Level 1.0 Stealth


You had 3 spell levels left.
You didn't know any spells.
Your spell library was empty.

Dungeon Overview and Level Annotations

Branches:
Dungeon (3/15)

Altars:
Elyvilon
Vehumet
Yredelemnul
The Shining One

Annotations:
D:3 Crazy Yiuf


Innate Abilities, Weirdness & Mutations

You have a beak for a mouth.
You have claws for feet.


Message History

You now have 195 gold pieces (gained 4).
You open the large door.
Found a glowing golden altar of the Shining One and a radiant altar of Vehumet.
You see here a quokka corpse.
A kobold comes into view. It is wielding a +0 whip.
A kobold is nearby!
You shoot an arrow. The arrow hits the kobold.
You kill the kobold!
No target in view!
No target in view!
A frilled lizard comes into view.
You shoot an arrow. The arrow hits the frilled lizard.
You kill the frilled lizard!
No target in view!
A rat comes into view.
You shoot an arrow. The arrow hits the rat.
The rat is severely wounded.
You shoot an arrow. The arrow hits the rat.
You kill the rat!
No target in view!
Unknown command.
No target in view!
t - a scroll labelled QEOGHO WIMU Crazy Yiuf shouts!
Crazy Yiuf screams, "Citrus!"
You open the door. You shoot an arrow.
The arrow hits Crazy Yiuf but does no damage.
Crazy Yiuf hits you with a +4 quarterstaff of chaos!
Crazy Yiuf freezes you.
You shoot an arrow. The arrow barely misses Crazy Yiuf.
Crazy Yiuf closely misses you.
You shoot an arrow. The arrow hits Crazy Yiuf.
Crazy Yiuf is lightly wounded.
Crazy Yiuf hits you with a +4 quarterstaff of chaos!
* * * LOW HITPOINT WARNING * * *
Crazy Yiuf burns you.
* * * LOW HITPOINT WARNING * * *
Crazy Yiuf hits you with a +4 quarterstaff of chaos.
You die...

.>..############.....#
....# ####### ....#
....# ##### ...##
#..)# ..## #...# ###
... #g# ## ##@# .#
#.## .## ##.# ..###
#.## ....# ##.##
#...###### #...##
#.)......### #....#
##..####.<.# #....#
#...#####.###....#


You could see Crazy Yiuf.

Vanquished Creatures
  An iguana (D:3)
  2 adders (D:2)
  2 dart slugs
  3 orcs (D:2)
  3 ball pythons
  An endoplasm (D:2)
  A giant cockroach (D:3)
  5 goblins
  3 hobgoblins
  3 quokkas
  3 bats
  3 frilled lizards
  3 kobolds
  5 rats
38 creatures vanquished.

Notes
Turn   | Place    | Note
-------+----------+-------------------------------------------
     0 | D:1      | porpoise the Tengu Hunter began the quest for the Orb.
     0 | D:1      | Reached XP level 1. HP: 12/12 MP: 2/2
   234 | D:1      | Reached XP level 2. HP: 17/17 MP: 3/3
   845 | D:2      | Reached skill level 5 in Ranged Weapons
  1023 | D:2      | Reached XP level 3. HP: 22/22 MP: 4/4
  1240 | D:2      | Found a faded altar of an unknown god.
  1384 | D:3      | Found a white marble altar of Elyvilon.
  1456 | D:3      | Reached XP level 4. HP: 5/28 MP: 5/5
  1575 | D:3      | Found a runed translucent door.
  1576 | D:3      | Noticed Crazy Yiuf
  1712 | D:3      | Found a basalt altar of Yredelemnul.
  1771 | D:3      | Found a glowing golden altar of the Shining One.
  1771 | D:3      | Found a radiant altar of Vehumet.
  1879 | D:3      | Slain by Crazy Yiuf

Illustrated notes

Levels and vault maps discovered:
D:1:      heliophobic_arrival_ceremonial_halls, layout_basic
D:2:      layout_loops_ring, shapermc_ecumenical_altar_acropolis,
          chequers_serial_rivers_room_b
D:3:      layout_rooms, mainiacjoe_overflow_tiny_flanked,
          gammafunk_temple_overflow_wave, mainiacjoe_overflow_cross_hatched,
          uniq_crazy_yiuf_cottage

Skill      XL: |  1  2  3 |
---------------+----------+-----
Ranged Weapons | 5 |  5.8
Fighting       | 3 |  3.1
Dodging        | |  2.1
Stealth        | |  1.0

Action                     |  1- 3 |  4- 6 || total
---------------------------+-------+-------++-------
  Melee: Rapier            |     7 |       ||     7
         Kick              |     2 |       ||     2
   Fire: Shortbow          |    67 |    22 ||    89
         Longbow           |    11 |       ||    11
 Armour: Leather armour    |    15 |     2 ||    17
  Dodge: Dodged            |    26 |     4 ||    30

Table legend: (Time is in decaauts)
 A = Elapsed time spent in this place.
 B = Non-inter-level travel time spent in this place.
 C = Inter-level travel time spent in this place.
 D = Time resting spent in this place.
 E = Time spent auto-exploring this place.
 F = Levels seen in this place.
 G = Mean time per level.
                   A        B        C        D        E       F      G
               +--------+--------+--------+--------+--------+-----+--------+
         Total |   1903 |   1868 |     35 |    132 |   1482 |   3 |  634.3 |
       Dungeon |   1903 |   1868 |     35 |    132 |   1482 |   3 |  634.3 |
               +--------+--------+--------+--------+--------+-----+--------+

Top non-repeatable levels by time:
     D:1: 749 daAuts
     D:2: 618 daAuts
     D:3: 535 daAuts
